 Dungeon Crawl Stone Soup version 0.30.1 (webtiles) character file.

Game seed: 13675366509780477234

28 Sabo the Trooper (level 3, 29/29 HPs)
             Began as a Demonspawn Monk on July 2, 2023.
             Got out of the dungeon alive.
             The game lasted 00:04:05 (1092 turns).

Sabo the Trooper (Demonspawn Monk)                  Turns: 1092, Time: 00:04:05

Health: 29/29      AC:  3    Str: 13    XL:     3   Next: 0%
Magic:  3/3        EV: 12    Int: 11    God:
Gold:   52         SH:  0    Dex: 15    Spells: 2/2 levels left

rFire   . . .        a - +0 hand axe
rCold   . . .        d - orb {light}
rNeg    . . .        e - +0 leather armour
rPois   .            (no helmet)
rElec   .            (no cloak)
rCorr   .            (no gloves)
SInv    .            (no boots)
Will    .....        (no amulet)
Stlth   +            (no ring)
HPRegen 0.24/turn    (no ring)
MPRegen 0.08/turn

%: no passive effects
@: glowing
A: claws 2
a: no special abilities


You escaped.
You visited 1 branch of the dungeon, and saw 2 of its levels.

You collected 52 gold pieces.

Inventory:

Hand Weapons
 a - a +0 hand axe (weapon)
 h - a +2 short sword of protection
Armour
 d - an orb of light (worn)
 e - a +0 leather armour (worn)
Scrolls
 b - a scroll of enchant armour {unknown}
 f - a scroll of poison {unknown}
Potions
 c - a potion of ambrosia
 g - 3 potions of curing {unknown}
 i - a potion of invisibility {unknown}


   Skills:
 + Level 3.5 Fighting
 + Level 3.0 Axes
 + Level 3.1 Dodging


You had 2 spell levels left.
You didn't know any spells.
Your spell library was empty.

Dungeon Overview and Level Annotations

Branches:
Dungeon (2/15)

Altars:


Innate Abilities, Weirdness & Mutations

You have very sharp fingernails.


Message History

You kill the bat!
You see here a bat corpse.
A dart slug comes into view.
You hit the dart slug.
The dart slug is heavily wounded.
The dart slug briefly extends its eye-stalks.
The dart slug bites you.
You hit the dart slug but do no damage.
The dart slug is heavily wounded.
The dart slug launches a dart at you. The slug dart hits you.
You hit the dart slug.
The dart slug is almost dead.
You hit the dart slug.
You kill the dart slug!
You start resting.
HP restored.
You see here a bat corpse.
Why would you want to do that?
You see here a +0 robe.
Why would you want to do that?
There is a stone staircase leading down here.
You climb downwards.
There is a stone staircase leading up here.
A frilled lizard comes into view.
The frilled lizard hisses angrily.
You hit the frilled lizard.
You kill the frilled lizard!
You have reached level 3!
Your experience leads to an increase in your attributes!
Increase (S)trength, (I)ntelligence, or (D)exterity?
You feel stronger. x2; Your demonic ancestry asserts itself...
Your fingernails sharpen.
Found 17 gold pieces.
There is a stone staircase leading up here.
You climb upwards.
There is a stone staircase leading down here.
There is a staircase leading out of the dungeon here.
Are you sure you want to leave the Dungeon?
This will make you lose the game!
You have escaped!

######'## ##≈≈≈.≈≈≈≈≈≈## #......
........###≈≈≈≈≈.≈≈≈≈≈≈## #......
........##≈≈≈≈≈≈.≈≈≈≈≈≈≈####.....
........#≈≈≈8≈≈.≈≈≈≈≈8≈≈≈###.....
........#≈≈≈≈≈.≈≈≈≈≈≈≈≈≈≈........
#'####'##≈≈≈≈≈.≈≈≈~~~≈≈≈≈.##.....
#.## #.##≈≈≈≈≈.≈≈~≈≈≈~≈≈~# ######
#..# #.##≈≈≈≈≈≈..>≈≈≈≈~~≈# # ##.#
#.##≈~~≈≈≈≈@..≈≈≈≈≈≈# #
##..##.##~≈≈~≈≈≈~≈≈.≈≈≈≈≈# #
.........≈≈≈≈~~~≈≈≈[≈≈≈≈≈# #
.......##≈≈≈≈≈≈≈≈≈≈.≈≈≈≈≈# #
.......##≈≈≈8≈≈≈≈≈.≈≈8≈≈≈# #
.......###≈≈≈≈≈≈≈.≈≈≈≈≈≈## ##
......†....≈≈≈≈≈≈.≈≈≈≈≈####### #.
.......###..≈≈≈≈≈≈.≈≈≈#......###.
.......# #......#......####.....


There were no monsters in sight!

Vanquished Creatures
  2 dart slugs (D:1)
  2 bats (D:1)
  An endoplasm (D:1)
  A giant cockroach (D:1)
  4 hobgoblins (D:1)
  3 jackals (D:1)
  A quokka (D:1)
  A ball python (D:1)
  2 frilled lizards
  2 kobolds (D:1)
  5 rats (D:1)
24 creatures vanquished.

Notes
Turn   | Place    | Note
-------+----------+-------------------------------------------
     0 | D:1      | Sabo the Demonspawn Monk began the quest for the Orb.
     0 | D:1      | Reached XP level 1. HP: 18/18 MP: 1/1
    60 | D:1      | Found a faded altar of an unknown god.
   298 | D:1      | Discovered your monstrous ancestry.
   298 | D:1      | Gained mutation: You have sharp fingernails. [demonic
                  | ancestry]
   298 | D:1      | Reached XP level 2. HP: 11/24 MP: 2/2
  1025 | D:2      | Gained mutation: You have very sharp fingernails. [demonic
                  | ancestry]
  1025 | D:2      | Reached XP level 3. HP: 29/29 MP: 3/3
  1092 | D:$      | Got out of the dungeon alive.

Illustrated notes

Levels and vault maps discovered:
D:1:      nzn_arrival_water_spiral, layout_basic,
          hellmonk_ecumenical_altar_lost_god
D:2:      layout_basic, uniq_natasha, uniq_sigmund

Skill      XL: |  1  2 |
---------------+-------+-----
Dodging        | 3 |  3.1
Axes           | 3 |  3.0
Fighting       | |  3.5

Action                     || total
---------------------------++-------
  Melee: Hand axe          ||    75
 Armour: Leather armour    ||    16
         Robe              ||     1
  Dodge: Dodged            ||    52
